 Dungeon Crawl Stone Soup version 0.31-a0-408-gb642c7f9a3 (webtiles) character file.

Game seed: 17565549818701625009

14 Ofeo the Magician (level 2, 18/18 HPs)
             Began as a Kobold Wanderer on July 30, 2023.
             Quit the game on level 1 of the Dungeon.
             The game lasted 00:01:00 (478 turns).

Ofeo the Magician (Kobold Wanderer)                  Turns: 478, Time: 00:01:00

Health: 18/18      AC:  6    Str: 13    XL:     2   Next: 55%
Magic:  6/6        EV: 10    Int: 13    God:
Gold:   14         SH:  0    Dex: 10    Spells: 5/7 levels left

rFire   . . .        a - +0 club
rCold   . . .        (no shield)
rNeg    . . .        b - +0 scale mail
rPois   .            (no helmet)
rElec   .            (no cloak)
rCorr   .            (no gloves)
SInv    .            (no boots)
Will    .....        (no amulet)
Stlth   +            (no ring)
HPRegen 0.23/turn    (no ring)
MPRegen 0.10/turn

%: no passive effects
@: no status effects
A: small, no large weapons, nightstalker 3
a: no special abilities


You were on level 1 of the Dungeon.
You visited 1 branch of the dungeon, and saw 1 of its levels.

You collected 14 gold pieces.

Inventory:

Hand Weapons
 a - a +0 club (weapon)
Armour
 b - a +0 scale mail (worn)
Scrolls
 c - a scroll of blinking {@r4}
 d - a scroll of silence
 f - a scroll of poison {unknown}
 h - a scroll of torment {unknown}
Potions
 e - a potion of might {unknown}
 g - a potion of ambrosia {unknown}


   Skills:
 + Level 2.5 Fighting
 + Level 2.6 Armour
 + Level 2.0 Stealth
 + Level 3.4 Spellcasting


You had 5 spell levels left.
You knew the following spells:

 Your Spells              Type           Power      Damage    Failure   Level
a - Necrotise             Necr           8%         1d4       69%         1
b - Slow                  Hex            8%         N/A       69%         1

Your spell library contained the following spells:

 Spells                   Type           Power      Damage    Failure   Level
 Ensorcelled Hibernation  Hex/Ice        4%         N/A       83%         2
 Passwall                 Tmut/Erth      1%         N/A       83%         2
 Poisonous Vapours        Pois/Air       4%         N/A       83%         2
 Anguish                  Hex/Necr       1%         N/A       100%        4


Dungeon Overview and Level Annotations

Branches:
Dungeon (1/15)

Altars:


Innate Abilities, Weirdness & Mutations

You are small and have problems with some larger weapons.
You are completely attuned to the shadows.


Message History

You are too injured to fight recklessly!
You are too injured to fight recklessly!
You are too injured to fight recklessly!
You are too injured to fight recklessly!
You are too injured to fight recklessly!
You are too injured to fight recklessly!
You hit the quokka.
The quokka is severely wounded.
The quokka bites you.
You take 1 damage, and have 8/18 hp.
You hit the quokka but do no damage.
The quokka is heavily wounded.
The quokka bites you but does no damage. x2
You barely miss the quokka.
The quokka is moderately wounded.
The quokka barely misses you.
You hit the quokka but do no damage.
The quokka is moderately wounded.
The quokka bites you but does no damage. x2
You miss the quokka.
The quokka is moderately wounded.
The quokka bites you but does no damage.
You barely miss the quokka.
The quokka is moderately wounded.
The quokka closely misses you. The quokka bites you.
You hit the quokka.
The quokka is almost dead.
The quokka bites you but does no damage.
The quokka barely misses you.
You hit the quokka.
You kill the quokka!
You see here a quokka corpse.
You see here a quokka corpse.
An endoplasm comes into view.
The endoplasm quivers.
Health restored: 18 An endoplasm is nearby!
An endoplasm is nearby!
An endoplasm is nearby!
Are you sure you want to abandon this character and quit the game? (Confirm with "yes".)

###. .. ....# .# .
#..# .#J. #..##....
#...@.... #..#####.
#...... #......
######### ##......
........####†......
........##....#....
................###
................#


You could see an endoplasm.

Vanquished Creatures
  A dart slug (D:1)
  A bat (D:1)
  A giant cockroach (D:1)
  A goblin (D:1)
  A hobgoblin (D:1)
  2 quokkas (D:1)
  2 ball pythons (D:1)
  A frilled lizard (D:1)
10 creatures vanquished.

Notes
Turn   | Place    | Note
-------+----------+-------------------------------------------
     0 | D:1      | Ofeo the Kobold Wanderer began the quest for the Orb.
     0 | D:1      | Ofeo set off with the following items: a +0 club, a +0
                  | scale mail, a scroll of blinking {@r4}, a scroll of
                  | silence; and the following spells available to memorise:
                  | Necrotise, Slow, Passwall, Poisonous Vapours.
     0 | D:1      | Reached XP level 1. HP: 12/12 MP: 4/4
     2 | D:1      | Learned a level 1 spell: Necrotise
     4 | D:1      | Learned a level 1 spell: Slow
   203 | D:1      | Reached XP level 2. HP: 15/18 MP: 3/6
   478 | D:1      | Quit the game

Illustrated notes

Levels and vault maps discovered:
D:1:      dpeg_arrival_court, layout_basic, serial_shops, shop

Skill      XL: |  1  2 |
---------------+-------+-----
Stealth        | 2 |  2.0
Fighting       | |  2.5
Armour         | |  2.6
Spellcasting   | |  3.4

Action                     || total
---------------------------++-------
  Melee: Club              ||    57
   Cast: Necrotise         ||     5
 Armour: Scale mail        ||    38
  Dodge: Dodged            ||    51

Table legend: (Time is in decaauts)
 A = Elapsed time spent in this place.
 B = Non-inter-level travel time spent in this place.
 C = Inter-level travel time spent in this place.
 D = Time resting spent in this place.
 E = Time spent auto-exploring this place.
 F = Levels seen in this place.
 G = Mean time per level.
                   A        B        C        D        E       F      G
               +--------+--------+--------+--------+--------+-----+--------+
         Total |    495 |    495 |      0 |     16 |    352 |   1 |  495.0 |
       Dungeon |    495 |    495 |      0 |     16 |    352 |   1 |  495.0 |
               +--------+--------+--------+--------+--------+-----+--------+

Top non-repeatable levels by time:
     D:1: 495 daAuts
